 Dungeon Crawl Stone Soup version 0.24.0-13-gcf9b319 (webtiles) character file.

Game seed: 2346054744913829568, levelgen mode: deterministic

96367 Fang the Fighter (level 16, -2/107 HPs)
             Began as a Gargoyle Berserker on Nov 11, 2019.
             Was a High Priest of Trog.
             Killed by divine providence
             ... invoked by Saint Roka
              (13 damage)
             ... on level 2 of the Orcish Mines on Nov 12, 2019.
             The game lasted 00:25:41 (22581 turns).

Fang the Fighter (Gargoyle Berserker)              Turns: 22581, Time: 00:25:42

Health: -2/107     AC: 40    Str: 28    XL:     16   Next: 16%
Magic:  16/16      EV: 12    Int:  6    God:    Trog [*****.]
Gold:   2408       SH: 13    Dex:  9    Spells: 15/15 levels left

rFire    + . .     SeeInvis +   a - +4 broad axe (flame)
rCold    . . .     Gourm    .   z - +0 shield
rNeg     + . .     Faith    .   b - +3 plate armour
rPois    ∞         Spirit   .   F - +2 hat {SInv}
rElec    +         Reflect  .   o - +2 cloak {MR+}
rCorr    .         Harm     .   (no gloves)
MR       ++++.                  (no boots)
Stlth    ..........             (no amulet)
HPRegen  1.27/turn              U - ring "Kygogie" {rPois rF+ Int-2 Stlth+}
MPRegen  0.15/turn              E - +3 ring of protection

@: berserk cooldown, flying, regenerating, slowed, studying Unarmed Combat, very
slow
A: big wings, negative energy resistance 1, electricity resistance, unbreathing,
petrification resistance, rot immunity, AC +12
a: Stop Flying, Berserk, Trog's Hand, Brothers in Arms, Renounce Religion


You were on level 2 of the Orcish Mines.
You worshipped Trog.
Trog was extremely pleased with you.
You were near starving.

You visited 4 branches of the dungeon, and saw 24 of its levels.
You also visited: Sewer and Gauntlet.

You collected 2408 gold pieces.

Inventory:

Hand Weapons
 a - a +4 broad axe of flaming (weapon)
 h - a +4 broad axe of protection
 i - a +2 war axe of freezing
 u - a +3 antimagic executioner's axe
 M - the +8 battleaxe of Atheism {chop, MR+ Dex+6}
   (Trog gifted it to you on level 3 of the Lair of Beasts)

   It inflicts extra damage upon your enemies.
   It affects your dexterity (+6).
   It affects your resistance to hostile enchantments.
 N - a +5 war axe of electrocution
Armour
 b - a +3 plate armour (worn)
 o - a +2 cloak of magic resistance (worn)
 z - a +0 shield (worn)
 F - a +2 hat of see invisible (worn)
Jewellery
 q - a +2 ring of evasion
 E - a +3 ring of protection (right hand)
 U - the ring "Kygogie" (left hand) {rPois rF+ Int-2 Stlth+}
   (You found it in a Gauntlet)

   [ring of protection from fire]

   It affects your intelligence (-2).
   It protects you from fire.
   It protects you from poison.
   It makes you more stealthy.
Wands
 l - a wand of flame (35)
 p - a wand of enslavement (1)
 x - a wand of acid (25)
 y - a wand of iceblast (7)
 B - a wand of scattershot (6)
 C - a wand of paralysis (23)
 D - a wand of random effects (33)
 Q - a wand of disintegration (13)
 S - a wand of polymorph (27)
Scrolls
 g - a scroll of brand weapon
 m - 7 scrolls of teleportation
 r - 4 scrolls of remove curse
 t - 2 scrolls of fog
 G - 4 scrolls of magic mapping
 H - a scroll of silence {unknown}
 J - 2 scrolls of blinking
 K - a scroll of enchant weapon
 P - 5 scrolls of identify
 T - 3 scrolls of fear
Potions
 e - a potion of berserk rage
 j - 12 potions of curing
 k - 3 potions of invisibility
 n - 8 potions of might
 s - 2 potions of agility
 v - 3 potions of magic
 w - 4 potions of haste
 A - 3 potions of mutation
 I - a potion of cancellation
 L - 2 potions of ambrosia
 O - a potion of resistance
Books
 V - a manual of Unarmed Combat
Comestibles
 c - 39 rations
 d - 3 chunks of flesh


   Skills:
 + Level 14.5 Fighting
 + Level 12.5 Axes
 + Level 14.4 Armour
 + Level 11.5 Dodging
 + Level 11.1 Shields


You had 15 spell levels left.
You didn't know any spells.
Your spell library was empty.

Dungeon Overview and Level Annotations

Branches:
Dungeon (15/15)            Temple (1/1) D:6            Lair (6/6) D:8
  Swamp (0/4) Lair:4        Snake (0/4) Lair:4        Slime (0/5) Lair:6
    Orc (2/2) D:9             Elf (0/3) Orc:2        Vaults (0/5) D:13
 Depths (0/5) D:15          Sewer (visited)         Gauntlet (visited)

Altars:
Fedhas
Makhleb
Nemelex Xobeh
Ru
Sif Muna
Vehumet
Yredelemnul
Zin

Shops:
D:13 [

Annotations:
Lair:3 exclusion: oklob plant
Lair:4 3 runed translucent doors, Aricsoirch's ghost, journeyman GrFi
Orc:2 Saint Roka


Innate Abilities, Weirdness & Mutations

You are resistant to torment.
Your stone body is resilient. (AC +12)
You are immune to poison.
Your large and strong wings let you fly indefinitely.
You resist negative energy. (rN+)
You are resistant to electric shocks. (rElec)
You can survive without breathing.
You are immune to petrification.
You are immune to rotting.


Message History

* * * LOW HITPOINT WARNING * * *
Your cyclops barely misses Saint Roka.
Saint Roka hits you with a +1 war axe of venom!!
* * * LOW HITPOINT WARNING * * *
Saint Roka hits your cyclops with a +1 war axe of venom!
Your cyclops hits Saint Roka!
You feel much better.
Saint Roka says, "In the orcish mines, orcs kill the likes of YOU!"
Saint Roka hits you with a +1 war axe of venom!
* * * LOW HITPOINT WARNING * * *
Saint Roka hits your cyclops with a +1 war axe of venom!
Your cyclops is poisoned.
Your cyclops barely misses Saint Roka.
Your cyclops hits Saint Roka but does no damage.
Your skin crawls.
You feel resistant to hostile enchantments.
You are near starving!
Saint Roka calls down the wrath of Beogh upon you.
Beogh smites you!
You die...

##.##...#.............#
####.............##...
##.......#.)..# ##
##.....##<..##
##.....)).## ####...).#
..####.C$####
.......o..#.###
#####..@......###
#...........#
#.....÷).....#
#...$#...##.##
.....###...# # ....$.#
....# ....... ...##
.#.....# .... ... #....


You could see Saint Roka and a friendly cyclops (berserk).

Vanquished Creatures
  Jorgrun (Orc:1)
  Gastronok (D:11)
  Nessos (D:13)
  A minotaur (Gauntlet)
  Snorg (D:13)
  A fire dragon (Lair:6)
  Josephine (D:14)
  A rakshasa (D:13)
  A hell beast (Gauntlet)
  5 hydras
  Harold (D:9)
  Erolcha (D:13)
  6 two-headed ogres
  5 centaur warriors
  A death knight (D:15)
  A death scarab (Gauntlet)
  4 death yaks (Lair:5)
  Urug (D:13)
  The ghost of Fang the Fighter, a novice GrBe of Trog (D:8)
  3 unseen horrors
  2 wizards (D:15)
  A swamp dragon (Lair:6)
  A necromancer (D:15)
  3 deep elf magi
  2 orc knights
  3 orc sorcerers (D:15)
  4 manticores
  A wolf spider (Lair:6)
  4 cyclopes
  9 ugly things
  5 elephants (Lair:4)
  A guardian serpent (Lair:6)
  Maurice (D:8)
  8 black mambas
  A guardian serpent (shapeshifter) (D:14)
  19 spiny frogs
  A freezing wraith (D:15)
  5 komodo dragons
  5 rime drakes
  3 meliai (D:14)
  5 trolls
  A tyrant leech (Lair:4)
  2 polar bears (shapeshifter)
  2 harpy skeletons
  3 hornets
  A wolf spider simulacrum (D:15)
  19 blink frogs
  Prince Ribbit (D:8)
  12 slime creatures
  A raiju (Gauntlet)
  A spectral black mamba (Gauntlet)
  6 hippogriffs
  2 redbacks (Lair:6)
  A vampire (D:15)
  16 humans (D:13)
  3 shadows
  2 water elementals (D:14)
  12 wyverns
  5 wraiths (D:14)
  Eustachio (D:6)
  6 basilisks
  4 steam dragons
  6 vampire mosquitoes
  34 yaks
  4 hungry ghosts
  2 wargs
  Menkaure (D:6)
  16 water moccasins
  A soldier ant (D:12)
  An acid dragon (Lair:6)
  10 porcupines
  2 swamp drakes (Lair:6)
  4 sky beasts
  A hornet zombie (D:12)
  2 phantoms
  17 orc warriors
  An ice beast (D:6)
  4 black bears (D:8)
  2 necrophages
  12 ogres
  An eye of draining (shapeshifter) (D:13)
  13 centaurs
  9 wolves (Lair:3)
  14 crocodiles
  5 big kobolds
  Blork the orc (D:6)
  21 bullfrogs
  3 wyvern skeletons
  5 scorpions
  17 killer bees (D:7)
  8 wights
  2 spriggan skeletons (D:11)
  4 electric eels (D:14)
  9 crimson imps
  5 centaur zombies
  2 quasits
  8 centaur skeletons
  2 bullfrog zombies
  11 orc priests
  5 hounds
  Crazy Yiuf (D:2)
  2 jellies
  4 bullfrog skeletons
  Jessica (D:2)
  25 orc wizards
  7 iguanas
  10 worker ants
  A killer bee zombie (D:5)
  A hound zombie (D:9)
  2 howler monkey zombies
  6 gnolls
  9 adders
  2 river rats
  5 shadow imps
  2 oozes
  2 adder skeletons
  An adder zombie (D:7)
  5 worms
  2 dart slugs
  7 leopard geckos
  70 orcs
  6 bats
  5 giant cockroaches
  9 goblins
  8 hobgoblins
  11 jackals
  4 quokkas
  7 ball pythons
  2 frilled lizards
  39 kobolds
  A quokka skeleton (D:5)
  20 rats
  A bush (D:8)
  3 fungi (Lair:6)
  24 plants
793 creatures vanquished.

Vanquished Creatures (collateral kills)
  A hydra (D:11)
  A two-headed ogre (D:13)
2 creatures vanquished.

Vanquished Creatures (others)
  A tengu conjurer (D:14)
  17 fungi
  41 plants
59 creatures vanquished.

Grand Total: 854 creatures vanquished

Notes
Turn   | Place    | Note
-------+----------+-------------------------------------------
     0 | D:1      | Fang the Gargoyle Berserker began the quest for the Orb.
     0 | D:1      | Reached XP level 1. HP: 14/14 MP: 1/1
    98 | D:1      | Reached XP level 2. HP: 14/19 MP: 2/2
   308 | D:1      | Reached ** piety under Trog
   398 | D:1      | Reached XP level 3. HP: 23/23 MP: 3/3
   767 | D:2      | Reached XP level 4. HP: 11/29 MP: 4/4
  1090 | D:2      | HP: 2/43 [kobold (2)]
  1830 | D:2      | Reached *** piety under Trog
  1884 | D:2      | Found a runed translucent door.
  1885 | D:2      | Noticed Crazy Yiuf
  1949 | D:2      | Noticed Jessica
  1958 | D:2      | Killed Jessica
  1958 | D:2      | Reached XP level 5. HP: 31/33 MP: 5/5
  2029 | D:2      | Killed Crazy Yiuf
  2929 | D:3      | Found a sacrificial altar of Ru.
  3085 | D:4      | Reached XP level 6. HP: 30/39 MP: 6/6
  3383 | D:4      | Reached skill level 5 in Fighting
  3447 | D:5      | Entered Level 5 of the Dungeon
  3460 | D:5      | Reached XP level 7. HP: 38/44 MP: 7/7
  3858 | D:5      | Found a glowing drain.
  3863 | Sewer    | Entered a sewer
  3874 | Sewer    | Reached **** piety under Trog
  3988 | Sewer    | Found a white marble altar of Elyvilon.
  4080 | D:5      | Reached skill level 5 in Armour
  4184 | D:5      | Reached XP level 8. HP: 50/51 MP: 8/8
  4426 | D:5      | Reached skill level 5 in Axes
  4835 | D:6      | Found a basalt altar of Yredelemnul.
  4836 | D:6      | Noticed Menkaure
  4848 | D:6      | Killed Menkaure
  5060 | D:6      | Noticed Eustachio
  5096 | D:6      | Killed Eustachio
  5096 | D:6      | Reached XP level 9. HP: 57/57 MP: 9/9
  5114 | D:6      | Reached skill level 5 in Dodging
  5264 | D:6      | Found a staircase to the Ecumenical Temple.
  5335 | Temple   | Entered the Ecumenical Temple
  5380 | D:6      | Noticed Blork the orc
  5385 | D:6      | Killed Blork the orc
  5843 | D:7      | Reached ***** piety under Trog
  6014 | D:7      | Reached XP level 10. HP: 58/64 MP: 10/10
  6530 | D:8      | Noticed Prince Ribbit
  6539 | D:8      | Killed Prince Ribbit
  6539 | D:8      | Received a gift from Trog
  6757 | D:8      | Noticed Maurice
  6758 | D:8      | Found a staircase to the Lair.
  6827 | D:8      | Killed Maurice
  7148 | D:8      | Found a shimmering blue altar of Sif Muna.
  7148 | D:8      | Found a radiant altar of Vehumet.
  7148 | D:8      | Found a sparkling altar of Nemelex Xobeh.
  7158 | D:8      | Found a runed translucent door.
  7474 | D:8      | Noticed Fang's ghost (novice GrBe)
  7566 | D:8      | Killed Fang's ghost
  7715 | D:9      | Noticed Harold
  8044 | D:9      | Killed Harold
  8044 | D:9      | Reached XP level 11. HP: 72/72 MP: 11/11
  8126 | D:9      | Found a glowing silver altar of Zin.
  8523 | D:9      | Found a staircase to the Orcish Mines.
  8811 | D:10     | Entered Level 10 of the Dungeon
  8822 | D:10     | Reached skill level 10 in Fighting
  8873 | D:10     | Reached ****** piety under Trog
  8996 | D:10     | Noticed a two-headed ogre
  9003 | D:10     | Killed a two-headed ogre
  9003 | D:10     | Received a gift from Trog
  9003 | D:10     | Reached skill level 10 in Armour
  9414 | D:11     | Reached skill level 1 in Shields
  9539 | D:11     | Noticed Gastronok
  9540 | D:11     | Noticed a two-headed ogre
  9547 | D:11     | Killed a two-headed ogre
  9555 | D:11     | Killed Gastronok
  9555 | D:11     | Reached XP level 12. HP: 52/79 MP: 12/12
  9879 | D:11     | Noticed a seven-headed hydra
  9885 | D:11     | Killed a seven-headed hydra
 10194 | Lair:1   | Entered Level 1 of the Lair of Beasts
 10242 | Lair:1   | Found a blossoming altar of Fedhas.
 11169 | Lair:2   | Reached skill level 5 in Shields
 11372 | Lair:2   | Noticed an eight-headed hydra
 11382 | Lair:2   | Killed a two-headed hydra
 11820 | Lair:3   | Reached skill level 10 in Axes
 11820 | Lair:3   | Reached XP level 13. HP: 85/85 MP: 13/13
 12046 | Lair:3   | Received a gift from Trog
 12153 | Lair:3   | Got a dazzling battleaxe {god gift}
 12159 | Lair:3   | Identified the +8 battleaxe of Atheism {chop, MR+ Dex+6}
                  | (Trog gifted it to you on level 3 of the Lair of Beasts)
 12763 | Lair:4   | Found a runed translucent gate.
 12763 | Lair:4   | Found a runed translucent gate.
 12763 | Lair:4   | Found a runed translucent gate.
 12764 | Lair:4   | Noticed Aricsoirch's ghost (journeyman GrFi)
 12909 | Lair:4   | Found a staircase to the Snake Pit.
 13171 | Lair:4   | Found a staircase to the Swamp.
 14688 | Lair:6   | Entered Level 6 of the Lair of Beasts
 14716 | Lair:6   | Gained mutation: Your large and strong wings let you fly
                  | indefinitely. [Gargoyle growth]
 14716 | Lair:6   | Reached XP level 14. HP: 92/92 MP: 14/14
 15073 | Lair:6   | Received a gift from Trog
 15105 | Lair:6   | Reached skill level 10 in Dodging
 16037 | Lair:6   | Found a staircase to the Slime Pits.
 17386 | D:13     | Found a gate to the Vaults.
 17386 | D:13     | Noticed Urug
 17391 | D:13     | Received a gift from Trog
 17407 | D:13     | Killed Urug
 17637 | D:13     | Noticed Erolcha
 17646 | D:13     | Killed Erolcha
 17646 | D:13     | Reached XP level 15. HP: 97/99 MP: 15/15
 17649 | D:13     | Found Damuizug's Armour Emporium.
 17772 | D:13     | Noticed Nessos
 17794 | D:13     | Killed Nessos
 18153 | D:13     | Noticed Snorg
 18451 | D:13     | Killed Snorg
 18517 | D:13     | Reached skill level 10 in Shields
 18786 | D:14     | Received a gift from Trog
 19005 | D:14     | Noticed Josephine
 19013 | D:14     | Killed Josephine
 19864 | D:15     | Entered Level 15 of the Dungeon
 19868 | D:15     | Paralysed by an orc sorcerer for 2 turns
 20007 | D:15     | Paralysed by an orc sorcerer for 2 turns
 20036 | D:15     | Found a gate leading to a gauntlet.
 20072 | Gauntlet | Entered a Gauntlet
 20072 | Gauntlet | Found a runed translucent door.
 20072 | Gauntlet | Found a transporter.
 20072 | Gauntlet | Found a runed translucent door.
 20072 | Gauntlet | Found a transporter.
 20174 | Gauntlet | Found a transporter.
 20175 | Gauntlet | Found a transporter.
 20178 | Gauntlet | Found a transporter.
 20178 | Gauntlet | Found a transporter.
 20204 | Gauntlet | Found a runed translucent door.
 20206 | Gauntlet | Found a runed translucent door.
 20208 | Gauntlet | Found a transporter.
 20212 | Gauntlet | Found a transporter.
 20220 | Gauntlet | Found a transporter.
 20237 | Gauntlet | Found a transporter.
 20252 | Gauntlet | Found a transporter.
 20256 | Gauntlet | Found a transporter.
 20377 | Gauntlet | Got a translucent copper ring
 20424 | Gauntlet | Identified the Incunabulum of Transmigration
 20427 | Gauntlet | Identified the Papyrus of Bewitchment
 20430 | Gauntlet | Found the +3 salamander hide armour {+Rage rF++}
 20649 | D:15     | Identified the ring "Kygogie" {rPois rF+ Int-2 Stlth+} (You
                  | found it in a Gauntlet)
 20696 | D:15     | Received a gift from Trog
 20950 | D:15     | Found a staircase to the Depths.
 20974 | D:15     | Reached XP level 16. HP: 79/107 MP: 16/16
 21515 | Orc:1    | Entered Level 1 of the Orcish Mines
 21530 | Orc:1    | Noticed Jorgrun
 21764 | Orc:1    | Killed Jorgrun
 21999 | Orc:1    | Found a burning altar of Makhleb.
 22163 | Orc:2    | Entered Level 2 of the Orcish Mines
 22168 | Orc:2    | Found a staircase to the Elven Halls.
 22219 | Orc:2    | Noticed Saint Roka
 22578 | Orc:2    | HP: 3/107 [Saint Roka/+1 war axe of venom (19)]
 22581 | Orc:2    | Killed from afar by Saint Roka

Levels and vault maps discovered:
D:1:      erik_arrival_orb_chamber, layout_basic
D:2:      layout_rooms, uniq_crazy_yiuf_cottage, uniq_jessica
D:3:      layout_basic, lemuel_coloured_pillars_altar
D:4:      layout_rooms, first_ration
D:5:      layout_gridville, gup_sewer_entry_bowl
D:6:      layout_basic, minmay_temple_entry_large_hall, basic_altar,
          uniq_blork_the_orc, uniq_eustachio, uniq_menkaure
D:7:      layout_cave_pools, grunt_ogre_cave
D:8:      layout_loops_corners, chequers_temple_overflow_statue_of_worship,
          minmay_lair_entry_grove, ebering_ghost_reflecting_pool,
          uniq_prince_ribbit1, uniq_maurice
D:9:      kennysheep_kobold_camp, layout_cross, david_orc_3, basic_altar,
          uniq_harold
D:10:     layout_rooms
D:11:     layout_roguey, hangedman_tell_no_tales, uniq_gastronok
D:12:     layout_irregular_city, bh_chokoban
D:13:     layout_basic, david_vaults_3, serial_shops, nicolae_shop_behind_doors,
          uniq_erolcha, uniq_snorg, uniq_nessos
D:14:     layout_loops_corners, serial_bayou, serial_bayou_crossing,
          serial_bayou_lagoon_b, serial_bayou_lake_a, serial_bayou_shore_a,
          uniq_josephine
D:15:     grunt_enter_depths_magical_seal, layout_rooms, gauntlet_entry_generic
Temple:   compressed_dpeg_circular_temple
Lair:1:   layout_small_grid, basic_altar, grunt_megastairs_1
Lair:2:   layout_roguey
Lair:3:   layout_hall_layers
Lair:4:   layout_roguey, minmay_swamp_entry_worms, dummy_snake_entry,
          gammafunk_ghost_hydra_chop
Lair:5:   layout_cave_pods
Lair:6:   guppyfry_lair_end_dragon, layout_loops_ring,
          hangedman_lair_tendril_chambers, slime_dummy
Orc:1:    layout_caves, bloody_makhleb, uniq_jorgrun
Orc:2:    grunt_orc_community_town_hall, layout_caves,
          grunt_orc_community_big_house_2, grunt_orc_community_big_house_2,
          grunt_orc_community_house_2, grunt_orc_community_house_1,
          grunt_orc_community_house_3, grunt_orc_community_house_3,
          grunt_orc_community_house_2, uniq_saint_roka

Skill      XL: |  1  2  3  4  5  6  7  8  9 10 11 12 13 14 15 16 |
---------------+-------------------------------------------------+-----
Axes           | 3 4 5 6 8 9 10 11 12 | 12.5
Dodging        | 2 3 4 5 7 8 9 10 11 | 11.5
Armour         | 3 4 5 6 7 9 10 11 12 13 14 | 14.4
Fighting       | 4 5 7 8 9 10 11 12 13 14 | 14.5
Shields        | 2 5 7 9 10 11 | 11.1

Action                   |  1- 3 |  4- 6 |  7- 9 | 10-12 | 13-15 | 16-18 || total
-------------------------+-------+-------+-------+-------+-------+-------++-------
Melee: Hand axe          |    88 |   131 |       |       |       |       ||   219
       War axe           |       |    52 |   442 |   355 |       |       ||   849
       Broad axe         |       |       |       |   263 |  1102 |    98 ||  1463
Invok: Berserk           |     1 |     3 |     2 |     7 |    10 |     4 ||    27
       Brothers in Arms  |       |       |       |     1 |     1 |     1 ||     3
       Trog's Hand       |       |       |       |       |       |     2 ||     2
 Abil: Fly               |       |       |       |       |     1 |       ||     1
  Use: Scroll            |       |    13 |     4 |    14 |     9 |       ||    40
       Potion            |       |       |       |       |     3 |     1 ||     4
 Stab: Sleeping          |     1 |       |       |       |       |       ||     1
       Distracted        |       |       |       |       |     1 |       ||     1
  Eat: Chunk             |       |    12 |    11 |    30 |    43 |     9 ||   105
Armor: Animal skin       |    19 |    14 |       |       |       |       ||    33
       Plate armour      |       |    60 |   384 |   426 |   735 |    58 ||  1663
Dodge: Dodged            |    61 |   118 |   347 |   355 |   588 |    38 ||  1507
Block: Shield            |       |       |       |   146 |   797 |    81 ||  1024
